 Dungeon Crawl Stone Soup version 0.28.0 (webtiles) character file.

Game seed: 12573010114909573272

127 a3don the Skirmisher (level 5, -11/47 HPs)
             Began as a Hill Orc Fighter on Feb 12, 2022.
             Mangled by a wyvern (15 damage)
             ... on level 4 of the Dungeon.
             The game lasted 00:03:23 (3785 turns).

a3don the Skirmisher (Hill Orc Fighter)             Turns: 3785, Time: 00:03:23

Health: -11/47     AC:  7    Str: 19    XL:     5   Next: 11%
Magic:  5/5        EV:  9    Int: 10    God:
Gold:   105        SH:  4    Dex: 10    Spells: 5/5 levels left

rFire   . . .      SeeInvis .   a - +0 war axe
rCold   . . .      Faith    .   c - +0 buckler
rNeg    . . .      Spirit   .   b - +0 scale mail
rPois   .          Reflect  .   (no helmet)
rElec   .          Harm     .   (no cloak)
rCorr   .          Rampage  .   (no gloves)
Will    .....                   (no boots)
Stlth   ..........              (no amulet)
HPRegen 0.15/turn               (no ring)
MPRegen 0.09/turn               (no ring)

@: mighty
A: no striking features
a: no special abilities


You were on level 4 of the Dungeon.
You visited 1 branch of the dungeon, and saw 4 of its levels.

You collected 105 gold pieces.

Inventory:

Hand Weapons
 a - a +0 war axe (weapon)
 e - a +2 short sword of distortion
 w - a +2 flail of protection
Missiles
 f - 177 stones (quivered)
 m - 19 sling bullets
Armour
 b - a +0 scale mail (worn)
 c - a +0 buckler (worn)
Jewellery
 o - a ring of ice
 v - an amulet of guardian spirit
Scrolls
 h - 2 scrolls of identify {unknown}
 i - 2 scrolls of amnesia {unknown}
 n - a scroll of blinking {unknown}
 p - 2 scrolls of teleportation {unknown}
 r - a scroll of fog {unknown}
 t - a scroll of silence {unknown}
Potions
 d - 2 potions of might
 g - 3 potions of cancellation {unknown}
 j - a potion of ambrosia {unknown}
 k - 2 potions of flight {unknown}
 l - 2 potions of curing {unknown}
 q - a potion of heal wounds {unknown}
 s - a potion of lignification {unknown}
 u - a potion of magic {unknown}


   Skills:
 + Level 4.5 Fighting
 + Level 3.9 Axes
 + Level 4.1 Armour
 + Level 4.1 Shields
 + Level 0.5 Spellcasting
 + Level 0.5 Necromancy


You had 5 spell levels left.
You didn't know any spells.
Your spell library contained the following spells:

 Spells                   Type           Power      Damage    Failure   Level
 Pain                     Necr           4%         1d4       73%         1
 Animate Dead             Necr           0%         N/A       100%        4
 Agony                    Necr           1%         N/A       100%        5
 Borgnjor's Vile Clutch   Necr/Erth      0%         N/A       100%        5
 Excruciating Wounds      Necr           0%         N/A       100%        5
 Death Channel            Necr           0%         N/A       100%        6


Dungeon Overview and Level Annotations

Branches:
Dungeon (4/15)
 Temple: D:4-7

Altars:


Message History

The wyvern is moderately wounded.
The hound barks!
The wyvern closely misses you. The wyvern bites you!
You are too injured to fight recklessly!
You are too injured to fight recklessly!
You are too injured to fight recklessly!
You are too injured to fight recklessly!
You are too injured to fight recklessly!
You are too injured to fight recklessly!
You are too injured to fight recklessly!
You are too injured to fight recklessly!
You are too injured to fight recklessly!
You are too injured to fight recklessly!
You are too injured to fight recklessly!
You are too injured to fight recklessly!
You are too injured to fight recklessly!
You are too injured to fight recklessly!
You are too injured to fight recklessly!
You are too injured to fight recklessly!
You are too injured to fight recklessly!
You are too injured to fight recklessly!
You are too injured to fight recklessly!
You are too injured to fight recklessly!
You are too injured to fight recklessly!
You are too injured to fight recklessly!
You are too injured to fight recklessly!
You are too injured to fight recklessly!
You are too injured to fight recklessly!
You feel very mighty all of a sudden. The wyvern bites you.
You slash the wyvern!
The wyvern is severely wounded.
The wyvern bites you!
* * * LOW HITPOINT WARNING * * *
The wyvern bites you.
* * * LOW HITPOINT WARNING * * *
You closely miss the wyvern.
The wyvern is severely wounded.
The wyvern barely misses you. The wyvern bites you!
You die...

.##)#. ..$.. .
##....#.# ##
#........
...####.......#
..........#
#..h.$.# #l#
#@#
####.#####.#
.......<...#
############


You could see a wyvern and a hound.

Vanquished Creatures
  Jessica (D:3)
  2 adders (D:2)
  4 worms
  7 orcs (D:3)
  3 ball pythons
  3 endoplasms
  A giant cockroach (D:1)
  6 goblins
  4 hobgoblins
  3 jackals
  7 kobolds
  3 quokkas
  7 bats
  6 frilled lizards
  8 rats
65 creatures vanquished.

Notes
Turn   | Place    | Note
-------+----------+-------------------------------------------
     0 | D:1      | a3don the Hill Orc Fighter began the quest for the Orb.
     0 | D:1      | Reached XP level 1. HP: 19/19 MP: 1/1
   339 | D:1      | Reached XP level 2. HP: 25/27 MP: 2/2
   746 | D:1      | Reached XP level 3. HP: 30/33 MP: 3/3
  1251 | D:2      | HP: 1/33 [worm (5)]
  2507 | D:2      | Found a faded altar of an unknown god.
  2765 | D:2      | Reached XP level 4. HP: 40/40 MP: 4/4
  2934 | D:3      | Noticed Jessica
  2937 | D:3      | Killed Jessica
  3267 | D:3      | Reached XP level 5. HP: 41/47 MP: 5/5
  3776 | D:4      | Noticed a wyvern
  3785 | D:4      | Mangled by a wyvern

Illustrated notes

Levels and vault maps discovered:
D:1:      nicolae_arrival_washed_ashore, layout_basic
D:2:      kennysheep_six_static_rooms, layout_basic,
          shapermc_ecumenical_altar_pompeii
D:3:      layout_loops_ring, kennysheep_generic_room_6, uniq_jessica
D:4:      layout_loops_cross, uniq_grinder

Skill      XL: |  1  2  3  4 |
---------------+-------------+-----
Axes           | 3 |  3.9
Fighting       | 4 |  4.5
Armour         | 4 |  4.1
Shields        | 4 |  4.1
Spellcasting   | |  0.5
Necromancy     | |  0.5

Action                   |  1- 3 |  4- 6 || total
-------------------------+-------+-------++-------
Melee: War axe           |   127 |    82 ||   209
  Use: Potion            |       |     1 ||     1
Armor: Scale mail        |    66 |    34 ||   100
Dodge: Dodged            |    58 |    39 ||    97
Block: Buckler           |    29 |    13 ||    42
